 Dungeon Crawl Stone Soup version 0.21.1-1-g345015f (webtiles) character file.

28 prawnwizard the Insei (level 3, 0/23 HPs)
             Began as an Octopode Transmuter on July 26, 2018.
             Slain by a bat (1 damage)
             ... on level 1 of the Dungeon.
             The game lasted 00:00:55 (558 turns).

prawnwizard the Insei (Octopode Transmuter)          Turns: 558, Time: 00:00:56

Health: 0/23       AC:  1    Str:  9    XL:     3   Next: 12%
Magic:  6/6        EV: 13    Int: 15    God:
Gold:   51         SH:  0    Dex: 13    Spells: 5/6 levels left

rFire    . . .     SeeInvis .     - Unarmed
rCold    . . .     Gourm    .   (no shield)
rNeg     . . .     Faith    .   (helmet restricted)
rPois    .         Spirit   .   (no amulet)
rElec    .         Reflect  .   (no ring)
rCorr    .         Harm     .   (no ring)
MR       .....                  (no ring)
Stlth    ++........             (no ring)
HPRegen  0.07/turn              (no ring)
MPRegen  0.10/turn              (no ring)
                                (no ring)
                                (no ring)

@: no status effects
A: almost no armour, stealthy swim, amphibious, 8 rings, constrict 8, camouflage
1, gelatinous body 1
a: no special abilities


You were on level 1 of the Dungeon.
You were not hungry.

You visited 1 branch of the dungeon, and saw 1 of its levels.

You collected 51 gold pieces.

Inventory:

Missiles
 a - 12 arrows
Jewellery
 i - an uncursed ring of protection from cold {unknown}
Scrolls
 e - 3 scrolls of identify {unknown}
 f - a scroll of blinking {unknown}
 j - 3 scrolls of teleportation {unknown}
 l - a scroll of amnesia {unknown}
Potions
 g - a potion of invisibility {unknown}
 h - a potion of degeneration {unknown}
 k - a potion of mutation {unknown}
Books
 b - a book of Changes

   Spells                             Type                      Level
   a - Beastly Appendage              Transmutation                1
   b - Sticks to Snakes               Transmutation                2
   c - Spider Form                    Transmutation/Poison         3
   d - Ice Form                       Ice/Transmutation            4
   e - Blade Hands                    Transmutation                5
Comestibles
 c - 3 rations


   Skills:
 + Level 1.4 Fighting
 + Level 2.2 Dodging
 * Level 3.4 Unarmed Combat
 + Level 2.2 Spellcasting
 + Level 2.2 Transmutations


You had 5 spell levels left.
You knew the following spells:

 Your Spells              Type           Power        Failure   Level  Hunger
a - Beastly Appendage     Tmut           #.....       9%          1    #......


Dungeon Overview and Level Annotations

Branches:
Dungeon (1/15)

Altars:


Innate Abilities, Weirdness & Mutations

You cannot wear most types of armour.
You are very stealthy in the water. (Stealth+)
You are amphibious.
You can wear up to eight rings at the same time.
You can use your tentacles to constrict eight enemies at once.
Your skin changes colour to match your surroundings (Stealth+).
Your rubbery body absorbs attacks. (AC +1, EV +1)


Message History

* * * LOW HITPOINT WARNING * * *
The bat hits you but does no damage. The goblin hits you but does no damage.
The goblin closely misses you. The bat closely misses you. The bat misses you.
The bat hits you.
* * * LOW HITPOINT WARNING * * *
The bat completely misses you.
All of the chunks of flesh in your inventory have rotted away.
The bat closely misses you. The bat misses you.
You see here a hunting sling.
The bat hits you but does no damage. The bat hits you.
* * * LOW HITPOINT WARNING * * *
The bat barely misses you. The bat misses you. The bat misses you.
The bat closely misses you. The bat closely misses you.
The bat hits you but does no damage. The bat barely misses you.
The bat hits you.
You die...

#g# ##....######. #)#
#..##..# ## #g#
##.####.# # #.# ###.÷#
#.## ###K###....#
#..## #...g)#....#
##..# #.....#....#
##.# #....b#....## #.#
#....@####..## #.####
#.....## ##..####....#
#...)..# ##..........
#......#########......
#......##........###..
#.........######## #..
#...##..######## #..
#...###........## #.÷
#...# ########..## #..


You could see a hobgoblin, a goblin, a bat and a kobold.

Vanquished Creatures
  A dart slug (D:1)
  2 leopard geckos (D:1)
  A giant cockroach (D:1)
  3 goblins (D:1)
  3 hobgoblins (D:1)
  5 bats (D:1)
  2 frilled lizards (D:1)
  3 kobolds (D:1)
  4 rats (D:1)
24 creatures vanquished.

Notes
Turn   | Place    | Note
-------+----------+-------------------------------------------
     0 | D:1      | prawnwizard the Octopode Transmuter began the quest for the Orb.
     0 | D:1      | Reached XP level 1. HP: 13/13 MP: 3/3
    97 | D:1      | Reached XP level 2. HP: 15/18 MP: 5/5
   340 | D:1      | Reached XP level 3. HP: 17/23 MP: 6/6
   548 | D:1      | HP: 1/23 [bat (1)]
   558 | D:1      | Slain by a bat

Action                   || total
-------------------------++-------
Melee: Unarmed           ||    54
       Constrict         ||    15
       Tentacles         ||     6
       Punch             ||     1
 Cast: Beastly Appendage ||     1
 Stab: Sleeping          ||    11
Armor: Skin              ||     9
Dodge: Dodged            ||    64
